 Dungeon Crawl Stone Soup version 0.28-a0-620-g539b0f7ac7 (webtiles) character file.

Game seed: 7478029333135015605

784 Rennog the Skirmisher (level 8, -34/59 HPs)
             Began as a Djinni Fire Elementalist on Oct 6, 2021.
             Was an Initiate of Makhleb.
             Annihilated by an ogre (35 damage)
             ... on level 5 of the Dungeon.
             The game lasted 00:07:40 (6585 turns).

Rennog the Skirmisher (Djinni Fire Elementalist)    Turns: 6585, Time: 00:07:44

Health: -34/59     AC:  2    Str:  7    XL:     8   Next: 11%
Gold:   165        EV: 14    Int: 18    God:    Makhleb [......] SH:  0 Dex: 15

rFire   + + .      SeeInvis .   m - +1 mace (protect)
rCold   x . .      Faith    .   (no shield)
rNeg    . . .      Spirit   .   a - +0 robe
rPois   ∞          Reflect  .   (no helmet)
rElec   .          Harm     .   (no cloak)
rCorr   .          Rampage  .   (no gloves)
Will    .....                   (boots unavailable)
Stlth   ++........              (no amulet)
HPRegen 0.19/turn               (no ring)
MPRegen 0.00/turn               (no ring)

@: flying
A: sickness immunity, fire resistance 2, cold vulnerability 1, float, innate
caster, hp casting, extra vitality 1
a: Renounce Religion


You were on level 5 of the Dungeon.
You worshipped Makhleb.
Makhleb was noncommittal.
You visited 2 branches of the dungeon, and saw 6 of its levels.

You collected 165 gold pieces.

Inventory:

Hand Weapons
 m - a +1 mace of protection (weapon)
Armour
 a - a +0 robe (worn)
Scrolls
 c - a scroll of acquirement {unknown}
 e - a scroll of torment {unknown}
 h - a scroll of identify {unknown}
 i - a scroll of summoning {unknown}
 j - 2 scrolls of blinking {unknown}
Potions
 b - 2 potions of curing {unknown}
 d - a potion of attraction {unknown}
 k - a potion of flight {unknown}
 l - 2 potions of heal wounds {unknown}


   Skills:
 * Level 5.1 Fighting
 + Level 4.6 Dodging
 - Level 1.5 Stealth
 * Level 4.8 Spellcasting


You couldn't memorise any spells.
You knew the following spells:

 Your Spells              Type           Power      Damage    Failure   Level
a - Foxfire               Conj/Fire      84%        2x1d8     1%          1
b - Scorch                Fire           42%        2d7       2%          2
c - Conjure Flame         Conj/Fire      21%        6-21      5%          3
d - Inner Flame           Hex/Fire       21%        N/A       5%          3
e - Flame Wave            Conj/Fire      21%        3d6       19%         4
f - Magic Dart            Conj           84%        1d7       1%          1
g - Ensorcelled Hibernat  Hex/Ice        42%        N/A       2%          2
h - Gell's Gravitas       Tloc           10%        N/A       5%          3
Your spell library was empty.

Dungeon Overview and Level Annotations

Branches:
Dungeon (5/15)             Temple (1/1) D:4

Altars:
Ashenzari
Cheibriados
Dithmenos
Elyvilon
Gozag
Kikubaaqudgha
Makhleb
Okawaru
Qazlal
Ru
Sif Muna
Wu Jian
Xom
Yredelemnul
Zin

Annotations:
D:3 Edmund
D:4 1 runed translucent door, Crazy Yiuf


Innate Abilities, Weirdness & Mutations

You are immune to sickness and miasma.
You are immune to poison.
Your flesh is very heat resistant. (rF++)
You are vulnerable to cold. (rC-)
You float through the air rather than walking.
You learn spells naturally, not from books.
Your magical power is your life essence.
You have superior vitality. (+4 HP)


Message History

Found a lumpy grey potion.
The ogre misses you.
A phantom comes into view.
The orc priest casts a cantrip, but nothing happens.
Unknown command.
Casting: Scorch (safe; 2% risk of failure)
Confirm with . or Enter, or press ? or * to list all spells.
The spell is quite dangerous to cast (19% risk of failure)!
Continue anyway?
Casting: Flame Wave (quite dangerous; 19% risk of failure)
Press: ? - help, Dir - look around, f - activate A wave of flame ripples out!
The flame wave engulfs the orc!
You kill the orc!
Makhleb accepts your kill. (Press . to intensify the flame waves.)
* * * LOW HITPOINT WARNING * * *
You hear a shout!
A wave of flame ripples out!
The flame wave engulfs the ogre!
The ogre is heavily wounded.
The flame wave engulfs the orc!
You kill the orc!
Makhleb accepts your kill.
* * * LOW HITPOINT WARNING * * *
You hear a shout!
The ogre misses you.
The orc priest calls down the wrath of Beogh upon you.
Beogh smites you!
* * * LOW HITPOINT WARNING * * *
A wave of flame ripples out!
The flame wave engulfs the ogre!
The ogre is almost dead.
The flame wave engulfs the phantom!
The phantom is heavily damaged.
The flame wave engulfs the orc!
You kill the orc!
Makhleb accepts your kill.
The flame wave engulfs the orc priest.
The orc priest is heavily wounded.
* * * LOW HITPOINT WARNING * * *
You finish channelling waves of flame.
The ogre hits you with a +0 giant club!!
Ouch! That really hurt!
You die...

#.#
#.........o.....#
#.#
#####.....#####.#
#.# ##...## #.# #.#
##.## #.## #.# ##o#
#... #.##########..#
#.## #.....<...o..##
#..o ############.#
####
...!.W.@O)...#######
.########.o.........
#.##.####### #.##.#
#.##.# #.##.# #.##.#
#.##.#######
#........


You could see a phantom, an ogre and an orc priest.

Vanquished Creatures
  Sigmund (D:2)
  A necrophage (D:4)
  An ogre (D:4)
  2 hounds (D:4)
  2 jellies
  An orc priest (D:4)
  Jessica (D:2)
  Ijyb (D:3)
  2 iguanas (D:4)
  A hound zombie (D:5)
  Robin (D:2)
  6 adders
  An ufetubus (D:4)
  An adder skeleton (D:4)
  A worm (D:2)
  3 dart slugs
  16 orcs
  5 bats
  2 endoplasms
  5 giant cockroaches
  11 goblins
  9 hobgoblins
  8 jackals (D:3)
  6 kobolds
  5 quokkas
  2 ball pythons
  4 frilled lizards
  2 rats
101 creatures vanquished.

Vanquished Creatures (others)
  A dart slug (D:4)
  568 foxfires
569 creatures vanquished.

Grand Total: 670 creatures vanquished

Notes
Turn   | Place    | Note
-------+----------+-------------------------------------------
     0 | D:1      | Rennog the Djinni Fire Elementalist began the quest for the
                  | Orb.
     0 | D:1      | Reached XP level 1. HP: 15/15 MP: 0/0
   533 | D:1      | Reached XP level 2. HP: 17/22 MP: 0/0
  1015 | D:1      | Reached skill level 1 in Fighting
  1690 | D:2      | Reached XP level 3. HP: 19/27 MP: 0/0
  1690 | D:2      | Learned a level 1 spell: Magic Dart
  2207 | D:2      | Reached XP level 4. HP: 21/33 MP: 0/0
  2450 | D:2      | Reached skill level 2 in Fighting
  2738 | D:2      | Noticed Robin
  2751 | D:2      | Killed Robin
  2996 | D:2      | Noticed Sigmund
  3015 | D:2      | Killed Sigmund
  3016 | D:2      | Reached skill level 3 in Fighting
  3016 | D:2      | Reached XP level 5. HP: 29/40 MP: 0/0
  3016 | D:2      | Learned a level 2 spell: Ensorcelled Hibernation
  3016 | D:2      | Reached XP level 6. HP: 33/46 MP: 0/0
  3348 | D:2      | Noticed Jessica
  3353 | D:2      | Killed Jessica
  3995 | D:3      | Noticed Ijyb
  4043 | D:3      | Killed Ijyb
  4303 | D:3      | Reached XP level 7. HP: 46/51 MP: 0/0
  4303 | D:3      | Learned a level 3 spell: Gell's Gravitas
  4804 | D:4      | Reached skill level 4 in Fighting
  4934 | D:4      | Noticed Edmund
  5482 | D:4      | Found a runed translucent door.
  5483 | D:4      | Noticed Crazy Yiuf
  5541 | D:4      | Found a staircase to the Ecumenical Temple.
  5610 | Temple   | Entered the Ecumenical Temple
  5703 | Temple   | Became a worshipper of Makhleb the Destroyer
  5857 | D:4      | Reached XP level 8. HP: 53/58 MP: 0/0
  5860 | D:4      | Reached skill level 5 in Fighting
  6162 | D:5      | Entered Level 5 of the Dungeon
  6576 | D:5      | Identified the +2 robe of Classification {rElec Str+3
                  | Int+2}
  6584 | D:5      | HP: 2/59 [orc priest/divine providence (9)]
  6585 | D:5      | Annihilated by an ogre

Illustrated notes

Levels and vault maps discovered:
D:1:      ebering_trefoil_3fold, layout_basic, ebering_dispersal_statue_hall
D:2:      layout_loops_corners, uniq_robin, uniq_jessica, uniq_sigmund
D:3:      layout_basic, uniq_ijyb
D:4:      layout_rooms, lemuel_temple_firewalk_b, uniq_crazy_yiuf_cottage,
          uniq_edmund
D:5:      layout_loops_ring
Temple:   eino_temple_rhombus

Skill      XL: |  1  2  3  4  5  6  7  8 |
---------------+-------------------------+-----
Fighting       | 1 3 4 5 |  5.1
Spellcasting   | 3 4 |  4.8
Dodging        | 3 4 |  4.6
Stealth        | |  1.5

Action                   |  1- 3 |  4- 6 |  7- 9 || total
-------------------------+-------+-------+-------++-------
Melee: Unarmed           |     1 |    17 |       ||    18
 Cast: Foxfire           |    81 |   124 |   141 ||   346
       Scorch            |       |       |    10 ||    10
       Ensorcelled Hiber |       |       |     1 ||     1
       Conjure Flame     |       |       |     1 ||     1
       Flame Wave        |       |       |     1 ||     1
  Use: Scroll            |       |       |     2 ||     2
Armor: Robe              |     4 |     5 |     6 ||    15
Dodge: Dodged            |    10 |    26 |    18 ||    54

Table legend: (Time is in decaauts)
 A = Elapsed time spent in this place.
 B = Non-inter-level travel time spent in this place.
 C = Inter-level travel time spent in this place.
 D = Time resting spent in this place.
 E = Time spent auto-exploring this place.
 F = Levels seen in this place.
 G = Mean time per level.
                   A        B        C        D        E       F      G
               +--------+--------+--------+--------+--------+-----+--------+
         Total |   6586 |   6342 |    244 |    232 |   5358 |   6 | 1097.7 |
       Dungeon |   6482 |   6253 |    229 |    232 |   5281 |   5 | 1296.4 |
        Temple |    103 |     88 |     15 |      0 |     77 |   1 |  103.0 |
               +--------+--------+--------+--------+--------+-----+--------+

Top non-repeatable levels by time:
     D:2: 1968 daAuts
     D:1: 1474 daAuts
     D:3: 1437 daAuts
     D:4: 1364 daAuts
     D:5: 238 daAuts
  Temple: 103 daAuts
